 Dungeon Crawl Stone Soup version 0.18-a0-1485-g189885c (webtiles) character file.

102 Karasique the Bolt Thrower (level 5, 0/30 HPs)
             Began as a Kobold Hunter on Mar 3, 2016.
             Slain by a kobold
             ... wielding a +0 dagger
              (3 damage)
             ... on level 2 of the Dungeon.
             The game lasted 00:06:03 (2542 turns).

Karasique the Bolt Thrower (Kobold Hunter)          Turns: 2542, Time: 00:06:03

Health: 0/30       AC:  3    Str: 11    XL:     5   Next: 6%
Magic:  5/5        EV: 17    Int:  9    God:
Gold:   73         SH:  0    Dex: 17    Spells: 0 memorised, 4 levels left

rFire  . . .     SeeInvis .     w - +1 hand crossbow
rCold  . . .     Gourm    .     c - +0 leather armour
rNeg   . . .     Faith    .     (shield restricted)
rPois  .         Spirit   .     (helmet restricted)
rElec  .         Dismiss  .     (no cloak)
rCorr  .         Reflect  .     (no gloves)
SustAt .         Harm     .     (no boots)
MR     +....                    (no amulet)
Stlth  +++.......               (no ring)
                                (no ring)

@: lethally poisoned (0 -> -2), somewhat resistant to hostile enchantments,
fairly stealthy
A: horns 1, repulsion field 1, carnivore 3, magic resistance 1
a: no special abilities


You were on level 2 of the Dungeon.
You were very full.

You visited 1 branch of the dungeon, and saw 2 of its levels.

You collected 73 gold pieces.

Inventory:

Hand Weapons
 q - a +0 short sword
 w - a +1 hand crossbow (weapon)
Missiles
 d - 8 bolts (quivered)
 j - 14 poisoned bolts
Armour
 c - a +0 leather armour (worn)
Scrolls
 b - a scroll of enchant armour {unknown}
 e - a scroll of blinking {unknown}
 g - a scroll of fear {unknown}
 h - a scroll of teleportation {unknown}
 i - 2 scrolls of identify {unknown}
 k - a scroll of random uselessness {unknown}
Comestibles
 a - a slice of pizza
 f - a meat ration
 n - 3 chunks of flesh


   Skills:
 - Level 2.1 Fighting
 + Level 6.1 Crossbows
 - Level 2.4 Dodging
 + Level 4.5 Stealth


You had 4 spell levels left.
You didn't know any spells.

Dungeon Overview and Level Annotations

Branches:
Dungeon (2/15)

Altars:
Ru


Innate Abilities, Weirdness & Mutations

You are small and have problems with some larger weapons.
You are carnivorous and can eat meat at any time.
You have a pair of small horns on your head.
You are surrounded by a mild repulsion field (EV +2).
You are resistant to hostile enchantments.


Message History

w - a +1 hand crossbow (weapon)
The adder barely misses you.
Firing (i - inventory. (,) - cycle):
d - 11 bolts (quivered)
Press: ? - help, Shift-Dir - straight line, f - adder
Aim: an adder (moderately wounded)
You shoot a bolt. The bolt hits the adder!
You kill the adder!
You have reached level 5!
You feel stronger.
Firing (i - inventory. (,) - cycle):
d - 10 bolts (quivered)
Press: ? - help, Shift-Dir - straight line, f - kobold
Aim: a kobold, wielding a dagger (moderately wounded)
You shoot a bolt. The bolt barely misses the kobold.
You feel sick. The kobold barely misses you.
Firing (i - inventory. (,) - cycle):
d - 9 bolts (quivered)
Press: ? - help, Shift-Dir - straight line, f/p - kobold
Aim: a kobold, wielding a dagger (moderately wounded)
You shoot a bolt. The bolt completely misses the kobold.
The kobold barely misses you. The kobold hits you with a dagger.
You die...

####.# #.#.#...#.####...# #.
...#.# #.#...(...# #...#####.
##.#.# #.#.......####.........
.#.#.### #.#......#.....#######.
.......# #.#.......###### #.
.#.#.#.####.##......# #.
##.#.#........((....# #.
...#.##.###.####K##.# #.
####.#..# #.# #@##.# #. .....####
#.# #.##.# #.
###########.####>##.############.
.................##.##...........
...........########....##########
############ ######


You could see a kobold.

Vanquished Creatures
  An adder (D:2)
  4 gnolls
  A worm (D:2)
  3 dart slugs
  3 giant geckos (D:1)
  2 ball pythons
  6 goblins
  7 hobgoblins
  3 quokkas (D:2)
  7 bats
  2 giant newts (D:1)
  5 kobolds
  2 rats
46 creatures vanquished.

Notes
Turn   | Place    | Note
--------------------------------------------------------------
     0 | D:1      | Karasique the Kobold Hunter began the quest for the Orb.
     0 | D:1      | Reached XP level 1. HP: 12/12 MP: 1/1
   132 | D:1      | Reached skill level 5 in Crossbows
   233 | D:1      | Reached XP level 2. HP: 17/17 MP: 2/2
   855 | D:1      | Reached XP level 3. HP: 16/21 MP: 3/3
  1852 | D:2      | Reached XP level 4. HP: 26/26 MP: 4/4
  2133 | D:2      | Reached skill level 6 in Crossbows
  2392 | D:2      | Found a sacrificial altar of Ru.
  2525 | D:2      | Gained mutation: You are resistant to hostile enchantments. [potion of mutation]
  2525 | D:2      | Gained mutation: You have a pair of small horns on your head. [potion of mutation]
  2525 | D:2      | Gained mutation: You are surrounded by a mild repulsion field (EV +2). [potion of mutation]
  2540 | D:2      | Reached XP level 5. HP: 4/30 MP: 5/5
  2542 | D:2      | Slain by a kobold

Vault maps used:
D:1:      erik_arrival_triangle_large, serial_bayou_pond_b,
          grunt_decor_arrowhead
D:2:      nicolae_ru_sacrificial_ziggurat, lexackson_kobold_supper

Skill      XL: |  1  2  3  4 |
---------------+-------------+-----
Crossbows      | 5 6 |  6.1
Stealth        | 2 3 4 |  4.5
Fighting       | |  2.1
Dodging        | |  2.4

Action                   |  1- 3 |  4- 6 || total
-------------------------+-------+-------++-------
Melee: Short sword       |   138 |    49 ||   187
 Fire: Hand crossbow     |     9 |    18 ||    27
  Use: Potion            |       |     2 ||     2
 Stab: Sleeping          |     9 |     1 ||    10
  Eat: Chunk             |    12 |     1 ||    13
